 Dungeon Crawl Stone Soup version 0.26-b1-57-gb162d0664a (webtiles) character file.

Game seed: 15975361477785393123

102 Gauvater the Sneak (level 4, -2/29 HPs)
             Began as an Octopode Brigand on Jan 9, 2021.
             Slain by a gnoll
             ... wielding a +0 spear
              (6 damage)
             ... on level 3 of the Dungeon.
             The game lasted 00:09:20 (2621 turns).

Gauvater the Sneak (Octopode Brigand)               Turns: 2621, Time: 00:09:20

Health: -2/29      AC:  1    Str: 10    XL:     4   Next: 78%
Magic:  4/4        EV: 13    Int: 13    God:
Gold:   170        SH:  0    Dex: 14    Spells: 3/3 levels left

rFire    . . .     SeeInvis .   l - +2 hunting sling (freeze)
rCold    . . .     Faith    .   (no shield)
rNeg     . . .     Spirit   .   (helmet restricted)
rPois    .         Reflect  .   (no amulet)
rElec    .         Harm     .   (no ring)
rCorr    .         Rampage  .   (no ring)
Will     .....                  (no ring)
Stlth    +++++.....             (no ring)
HPRegen  0.09/turn              (no ring)
MPRegen  0.09/turn              (no ring)
                                (no ring)
                                (no ring)

@: no status effects
A: almost no armour, stealthy swim, amphibious, 8 rings, constrict 8, camouflage
1, gelatinous body 1
a: no special abilities


You were on level 3 of the Dungeon.
You visited 1 branch of the dungeon, and saw 3 of its levels.

You collected 170 gold pieces.

Inventory:

Hand Weapons
 a - a +2 dagger
 l - a +2 hunting sling of freezing (weapon)
 q - a +0 dagger of venom
Missiles
 b - 3 boomerangs
 d - 36 stones (quivered ammo)
 e - 5 bolts
 i - 3 atropa-tipped darts
 k - 4 datura-tipped darts
Wands
 n - a wand of acid (12)
Scrolls
 f - 4 scrolls of remove curse
 h - a scroll of blinking {unknown}
 j - 4 scrolls of identify
 o - a scroll of immolation {unknown}
 p - a scroll of noise {unknown}
Potions
 g - 2 potions of haste {unknown}
 m - a potion of degeneration {unknown}


   Skills:
 + Level 2.1 Fighting
 + Level 2.5 Short Blades
 + Level 2.2 Throwing
 + Level 1.2 Dodging
 * Level 7.6 Stealth


You had 3 spell levels left.
You didn't know any spells.
Your spell library was empty.

Dungeon Overview and Level Annotations

Branches:
Dungeon (3/15)

Altars:
Dithmenos


Innate Abilities, Weirdness & Mutations

You cannot wear most types of armour.
You are very stealthy in the water. (Stealth+)
You are amphibious.
You can wear up to eight rings at the same time.
You can use your tentacles to constrict eight enemies at once.
Your skin changes colour to match your surroundings (Stealth+).
Your rubbery body absorbs attacks. (AC +1, EV +1)


Message History

The gnoll drinks a potion.
The gnoll goes berserk!
You hear a shout!
The gnoll closely misses you. The gnoll completely misses you.
The gnoll completely misses you. The gnoll closely misses you.
The gnoll rages.
The gnoll hits you with a +0 spear!
The gnoll throws a stone.
The stone hits you but does no damage.
You see here a stone.
The gnoll throws a stone.
The stone completely misses you. The gnoll closely misses you.
You see here a stone.
The gnoll barely misses you. The gnoll hits you with a +0 spear!
* * * LOW HITPOINT WARNING * * *
The gnoll hits you with a +0 spear.
* * * LOW HITPOINT WARNING * * *
The gnoll hits you with a +0 spear.
You die...

.o................# ... ..
.......#####.#....### #.# #.
............).......# #.# #.
.......####...#...#.###.#####.
#..#### #....##...#.#....[.#).
# ##...###.)..........#.#
#..### #.##...........#
##..#####.#####.........
####[.##..@g.....g.........
#..<[....#......#..........
.......#...###........((.......
#####..#.....#......##.........
#.####..>..................
#......###......########...
##### ## #......# #... #......#
#... ######## #...


You could see 2 gnolls.

Vanquished Creatures
  A gnoll (D:3)
  2 adders
  3 worms (D:2)
  5 orcs (D:3)
  11 bats
  2 giant cockroaches
  9 goblins
  4 hobgoblins
  8 jackals
  2 quokkas
  A frilled lizard (D:1)
  5 kobolds
  5 rats
58 creatures vanquished.

Vanquished Creatures (others)
  3 plants (D:2)
3 creatures vanquished.

Grand Total: 61 creatures vanquished

Notes
Turn   | Place    | Note
-------+----------+-------------------------------------------
     0 | D:1      | Gauvater the Octopode Brigand began the quest for the Orb.
     0 | D:1      | Reached XP level 1. HP: 14/14 MP: 1/1
   196 | D:1      | Reached XP level 2. HP: 13/19 MP: 2/2
   197 | D:1      | Reached skill level 6 in Stealth
  1020 | D:2      | Reached XP level 3. HP: 24/24 MP: 3/3
  1530 | D:2      | Reached skill level 7 in Stealth
  1635 | D:2      | Reached XP level 4. HP: 24/29 MP: 4/4
  1821 | D:2      | Found a shadowy altar of Dithmenos.
  2621 | D:3      | Slain by a gnoll

Illustrated notes

Levels and vault maps discovered:
D:1:      psy_arrival_dodecagon, layout_basic
D:2:      layout_basic, grunt_dithmenos_smoke, minmay_misc_feat_room,
          chequers_big_river
D:3:      layout_rooms

Skill      XL: |  1  2  3 |
---------------+----------+-----
Stealth        | 6 7 |  7.6
Fighting       | |  2.1
Short Blades   | |  2.5
Throwing       | |  2.2
Dodging        | |  1.2

Action                   |  1- 3 |  4- 6 || total
-------------------------+-------+-------++-------
Melee: Dagger            |    69 |    32 ||   101
       Constrict         |    11 |     9 ||    20
       Tentacles         |     6 |     6 ||    12
 Fire: Hunting sling     |       |     5 ||     5
Throw: Dart              |     2 |    13 ||    15
       Stone             |       |     3 ||     3
  Use: Scroll            |       |     1 ||     1
 Stab: Sleeping          |    12 |     6 ||    18
Armor: Skin              |     8 |     5 ||    13
Dodge: Dodged            |    38 |    55 ||    93
